 Dungeon Crawl Stone Soup version 0.18.1-50-g88ac8fd (webtiles) character file.

14952 Amnesiac the Brilliant (level 11, -1/58 HPs)
             Began as a Deep Elf Fighter on Mar 2, 2018.
             Was a High Priest of Pakellas.
             Slain by a draconian simulacrum (14 damage)
             ... in an ice cave.
             The game lasted 00:38:18 (14785 turns).

Amnesiac the Brilliant (Deep Elf Fighter)          Turns: 14785, Time: 00:38:19

Health: -1/58      AC: 15    Str: 20    XL:     11   Next: 95%
Magic:  3/35       EV:  5    Int:  8    God:    Pakellas [*****.]
Gold:   768        SH:  9    Dex: 14    Spells: 0 memorised, 10 levels left

rFire  + . .     SeeInvis .     a - +0 dagger (venom)
rCold  . . .     Gourm    .     t - +2 chain mail {rF+}
rNeg   . . .     Faith    .     c - +0 shield
rPois  +         Spirit   .     (no helmet)
rElec  .         Dismiss  .     p - +2 cloak {MR+}
rCorr  .         Reflect  .     j - +0 pair of gloves
SustAt .         Harm     .     (no boots)
MR     ++...                    l - amulet of rage
Stlth  ..........               P - ring of poison resistance
                                x - ring of magical power

@: very resistant to hostile enchantments, extremely unstealthy
A: fangs 1, dopey 2, poison resistance, strong 1
a: Quick Charge, Device Surge, Renounce Religion, Evoke Berserk Rage


You were in an ice cave.
You worshipped Pakellas.
Pakellas was extremely pleased with you.
You were not hungry.

You visited 3 branches of the dungeon, and saw 13 of its levels.
You also visited: Ice Cave.

You collected 826 gold pieces.

Inventory:

Hand Weapons
 a - a +0 dagger of venom (weapon)
 g - a +2 dagger of protection
 K - a +0 blowgun
Missiles
 y - 51 poisoned needles
 H - a throwing net (quivered)
Armour
 c - a +0 shield (worn)
 j - a +0 pair of gloves (worn)
 p - a +2 cloak of magic resistance (worn)
 t - a +2 chain mail of fire resistance (worn)
Rods
 b - a +6 rod of inaccuracy (15/15)
   (Pakellas gifted it to you on level 10 of the Dungeon)
Jewellery
 l - an amulet of rage (around neck)
 x - a ring of magical power (left hand)
 P - a ring of poison resistance (right hand)
Wands
 m - a wand of slowing (9/48)
 v - a wand of random effects (0/48)
 z - a wand of flame (0/48)
 D - a wand of enslavement (10/24)
 R - a wand of paralysis (0/24)
 T - a wand of iceblast (0/15)
Scrolls
 i - 5 scrolls of magic mapping {!r}
 k - 4 scrolls of remove curse {!r}
 u - 2 scrolls of enchant weapon {!r}
 C - 3 scrolls of amnesia {!r}
 J - 2 scrolls of fog {!r}
 M - a scroll of fear {!r}
Potions
 d - 2 potions of might {!q}
 h - a potion of agility {!q}
 n - a potion of berserk rage {!q, unknown}
 o - 2 potions of brilliance {!q}
 s - 4 potions of curing {!q}
 w - a potion of flight {!q}
 A - a potion of magic {!q}
 B - a potion of beneficial mutation {!q}
 O - 2 potions of haste {!q}
Miscellaneous
 e - a fan of gales
 Q - a box of beasts {used: 4}
Comestibles
 f - 4 bread rations
 G - 9 slices of pizza
 S - 2 meat rations


   Skills:
 - Level 2.4 Fighting
 - Level 8.0 Short Blades
 - Level 2.4 Armour
 - Level 2.4 Shields
 + Level 18.0 Evocations


You had 10 spell levels left.
You didn't know any spells.

Dungeon Overview and Level Annotations

Branches:
Dungeon (10/15)            Temple (1/1) D:5             Orc (2/2) D:10
   Lair: D:8-11         Elf: Orc:2

Altars:
Ashenzari
Cheibriados
Dithmenos
Elyvilon
Fedhas
Gozag
Kikubaaqudgha
Makhleb
Nemelex Xobeh
Okawaru
Pakellas
Qazlal
Ru
Sif Muna
Trog
Vehumet
Xom
Yredelemnul
Zin
The Shining One
Beogh

Shops:
D:8 }


Innate Abilities, Weirdness & Mutations

You have very sharp teeth.
You are very dopey. (Int -4)
Your system is resistant to poisons.
Your muscles are strong. (Str +2)


Message History

The centaur simulacrum hits you. The centaur simulacrum freezes you!
* * * LOW HITPOINT WARNING * * *
Your elder stingox beast stings the centaur simulacrum!
The centaur simulacrum vapourises!
Pakellas accepts your kill. What do you say? t - Shout!
Orders for allies: a - Attack new target. r - Retreat! s - Stop attacking. w - Wait here. f - Follow me.
Anything else - Stay silent.
Gang up on whom?
Press: ? - help, Dir - move target cursor, f - troll simulacrum
Aim: a troll simulacrum Attack!
Your elder stingox beast stings the troll simulacrum.
Your elder stingox beast tramples the troll simulacrum!
The troll simulacrum holds its ground!
The troll simulacrum vapourises!
Pakellas accepts your kill.
You found an alarm trap!
You hear a blaring wail to the north.
A draconian simulacrum comes into view.
What do you say? t - Shout!
Orders for allies: a - Attack new target. r - Retreat! s - Stop attacking. w - Wait here. f - Follow me.
Anything else - Stay silent.
Gang up on whom?
Press: ? - help, Dir - move target cursor, f - draconian simulacrum
Aim: a draconian simulacrum Attack!
A necromancer comes into view.
Your elder stingox beast disappears in a puff of smoke!
Evoke which item? (* to show all) (? for menu, Esc to quit)
Okay, then.
Charge which item? (? for menu, Esc to quit)
Your wand of paralysis (0/24) glows for a moment and now has 2 charges.
You feel somewhat more hungry.
Evoke which item? (* to show all) (? for menu, Esc to quit)
Zapping:
R - a wand of paralysis (2/24)
Press: ? - help, Shift-Dir - straight line, f - necromancer, p - draconian simulacrum
Aim: a necromancer, wearing a robe of cold resistance (chance to defeat MR: 43%)
The necromancer resists with some effort.
This wand has 1 charge left.
A spriggan simulacrum comes into view.
Evoke which item? (* to show all) (? for menu, Esc to quit)
Zapping:
R - a wand of paralysis (1/24)
Press: ? - help, Shift-Dir - straight line, f/p - necromancer
Aim: a necromancer, wearing a robe of cold resistance (chance to defeat MR: 43%)
The necromancer suddenly stops moving!
This wand has 0 charges left.
The draconian simulacrum hits you but does no damage.
An ogre simulacrum comes into view.
The spriggan simulacrum hits you. The spriggan simulacrum freezes you!
* * * LOW HITPOINT WARNING * * *
The helpless necromancer fails to defend itself.
You impale the necromancer!!
The necromancer is poisoned.
The necromancer is severely wounded.
The draconian simulacrum hits you.
* * * LOW HITPOINT WARNING * * *
The draconian simulacrum freezes you!
You die...
Pakellas says: Back to the drawing board!

#..###..#..###
###.....###....
.###..5## ##... ##
..#########.... ##..
#..## #...... #...#
##...# #).....
#....####...# ####...
#.Z.p.....# ###.
#....@Z..# ### ##
##....Z.## ##.### ##
##....#####....#####.
#...##.#...##....#..
##.......######....#
###.##.## ######
######


You could see a necromancer (paralysed), a spriggan simulacrum, an ogre
simulacrum and a draconian simulacrum.

Vanquished Creatures
  An ice dragon (Orc:2)
  The ghost of Amnesiac the Brilliant, a journeyman DEFi of Pakellas (Orc:1)
  A hill giant (D:10)
  Pikel (D:6)
  9 freezing wraiths (IceCv)
  The ghost of Amnesiac the Slicer, a novice DEFi of Gozag (D:5)
  A troll (Orc:1)
  A polar bear (Orc:2)
  2 wolf spider simulacra (IceCv)
  A human (D:8)
  3 yaks
  4 hippogriffs
  A hungry ghost (D:8)
  Eustachio (D:5)
  A hog (D:8)
  Menkaure (D:4)
  The ghost of Amnesiac the Charlatan, an amateur DEFi (D:4)
  A soldier ant (D:10)
  Duvessa (D:5)
  2 water moccasins
  7 ice beasts
  5 orc warriors
  2 slaves (D:6)
  3 sky beasts
  An alligator simulacrum (IceCv)
  3 phantoms
  8 ogres
  3 wolves (Orc:2)
  3 centaurs
  3 big kobolds
  4 giant frogs
  A wyvern zombie (D:7)
  A wyvern skeleton (D:7)
  3 scorpions
  Dowan (D:5)
  3 wights (D:10)
  8 killer bees
  5 howler monkeys
  4 crimson imps
  10 orc priests
  2 giant frog zombies
  8 hounds
  2 centaur skeletons
  A quasit (D:8)
  A gnoll shaman (D:7)
  6 jellies
  Crazy Yiuf (D:2)
  6 giant frog skeletons
  An iguana (D:8)
  2 spriggan simulacra (IceCv)
  9 orc wizards
  5 worker ants
  A troll simulacrum (IceCv)
  2 sheep (D:8)
  A wolf simulacrum (IceCv)
  A hound skeleton (D:9)
  A worker ant zombie (D:6)
  8 adders
  11 gnolls
  2 howler monkey skeletons
  2 naga simulacra (IceCv)
  An ogre simulacrum (IceCv)
  A shadow imp (D:8)
  10 white imps (IceCv)
  An ooze (D:2)
  An adder skeleton (D:4)
  5 worms
  4 dart slugs
  The ghost of Amnesiac the Shield-Bearer, a weakling DEFi (D:3)
  4 giant geckos
  69 orcs
  4 giant cockroaches
  5 goblins
  6 hobgoblins
  13 jackals
  15 kobolds
  A quokka (D:8)
  A ball python (D:7)
  7 bats
  A giant gecko skeleton (D:6)
  3 giant newts
  A quokka skeleton (D:5)
  5 rats
  A spectral orc (D:3)
  A fungus (D:2)
347 creatures vanquished.

Vanquished Creatures (collateral kills)
  A hill giant (D:7)
  An ice statue (IceCv)
  A merfolk (D:10)
  An ice beast (D:8)
  A centaur (D:8)
  A big kobold (D:10)
  2 troll simulacra (IceCv)
  2 centaur simulacra (IceCv)
  An adder (D:10)
  A naga simulacrum (IceCv)
  2 white imps (IceCv)
  An orc (D:8)
  A giant gecko zombie (D:7)
16 creatures vanquished.

Vanquished Creatures (others)
  A centaur simulacrum (IceCv)
  3 orcs (D:6)
4 creatures vanquished.

Grand Total: 367 creatures vanquished

Notes
Turn   | Place    | Note
--------------------------------------------------------------
     0 | D:1      | Amnesiac the Deep Elf Fighter began the quest for the Orb.
     0 | D:1      | Reached XP level 1. HP: 13/13 MP: 3/3
   229 | D:1      | Reached XP level 2. HP: 18/18 MP: 4/4
   667 | D:2      | Found a bloodstained altar of Trog.
   727 | D:2      | Reached XP level 3. HP: 18/22 MP: 5/5
   881 | D:3      | Found a shadowy altar of Dithmenos.
  1529 | D:2      | Reached XP level 4. HP: 27/27 MP: 6/6
  1765 | D:2      | Noticed Crazy Yiuf
  1784 | D:2      | Killed Crazy Yiuf
  1973 | D:3      | Found a shimmering altar of Xom.
  2059 | D:3      | Reached skill level 5 in Short Blades
  2059 | D:3      | Reached XP level 5. HP: 31/31 MP: 7/7
  2103 | D:3      | Found a glowing silver altar of Zin.
  2892 | D:3      | Noticed Amnesiac's ghost (weakling DEFi)
  2904 | D:3      | Killed Amnesiac's ghost
  3014 | D:3      | Found a basalt altar of Yredelemnul.
  3208 | D:4      | Noticed an ogre
  3220 | D:5      | Entered Level 5 of the Dungeon
  3239 | D:5      | Found a staircase to the Ecumenical Temple.
  3248 | Temple   | Entered the Ecumenical Temple
  3320 | Temple   | Became a worshipper of Pakellas the Inventive
  3484 | D:5      | Reached skill level 1 in Evocations
  3615 | D:5      | Reached skill level 2 in Evocations
  3615 | D:5      | Reached XP level 6. HP: 31/36 MP: 9/9
  3640 | D:5      | Noticed Menkaure
  3643 | D:5      | Noticed Duvessa
  3643 | D:5      | Noticed Dowan
  3754 | D:5      | Noticed Amnesiac's ghost (novice DEFi)
  3758 | D:5      | Noticed Eustachio
  3789 | D:5      | Killed Amnesiac's ghost
  3789 | D:5      | Reached skill level 5 in Evocations
  3789 | D:5      | Reached XP level 7. HP: 40/40 MP: 12/12
  3946 | D:4      | Noticed Amnesiac's ghost (amateur DEFi)
  3959 | D:4      | Killed Amnesiac's ghost
  4490 | D:4      | Killed Menkaure
  4495 | D:5      | Killed Dowan
  4636 | D:5      | Killed Eustachio
  4636 | D:5      | Reached XP level 8. HP: 38/45 MP: 14/14
  4688 | D:5      | Reached * piety under Pakellas
  4688 | D:5      | Received a gift from Pakellas
  4688 | D:5      | Reached skill level 6 in Evocations
  5218 | D:5      | Killed Duvessa
  5218 | D:5      | Reached skill level 7 in Evocations
  5556 | D:6      | Reached skill level 8 in Evocations
  5793 | D:6      | Reached skill level 9 in Evocations
  5908 | D:6      | Noticed Pikel
  5922 | D:6      | Killed Pikel
  5922 | D:6      | Reached skill level 10 in Evocations
  5922 | D:6      | Reached XP level 9. HP: 41/49 MP: 18/18
  6099 | D:6      | Reached ** piety under Pakellas
  6099 | D:6      | Received a gift from Pakellas
  6499 | D:7      | Reached skill level 11 in Evocations
  6670 | D:7      | Noticed a hill giant
  6678 | D:7      | Killed a hill giant
  6741 | D:7      | Found an opulent altar of Gozag.
  6867 | D:7      | Found a burning altar of Makhleb.
  6869 | D:7      | Noticed a cacodemon
  6892 | D:7      | Found a glowing golden altar of the Shining One.
  6937 | D:7      | Reached skill level 12 in Evocations
  7081 | D:7      | Reached *** piety under Pakellas
  7081 | D:7      | Received a gift from Pakellas
  7729 | D:8      | Reached XP level 10. HP: 47/54 MP: 20/21
  7752 | D:8      | Found an oddly glowing altar of Pakellas.
  7752 | D:8      | Found Pakellas's Prime Provisions.
  7763 | D:8      | Reached skill level 13 in Evocations
  7888 | D:8      | Found a stormy altar of Qazlal.
  7938 | D:8      | Found a sacrificial altar of Ru.
  8112 | D:8      | Got a bloodstained mace
  8144 | D:8      | Identified the +9 mace "Muluduy" {crush, *Noise rN++ Str+4 SInv} (You found it on level 8 of the Dungeon)
  8786 | D:8      | Reached **** piety under Pakellas
  8786 | D:8      | Received a gift from Pakellas
  8798 | D:8      | Reached skill level 14 in Evocations
  9683 | D:9      | Found a blossoming altar of Fedhas.
 10130 | D:9      | Found a sparkling altar of Nemelex Xobeh.
 10201 | D:9      | Found an iron altar of Okawaru.
 10201 | D:9      | Found a snail-covered altar of Cheibriados.
 10207 | D:9      | Got a jewelled falchion
 10218 | D:9      | Identified the +6 falchion of Hospitality {freeze, rF+ rN+ Str-5 Int+2} (You found it on level 9 of the Dungeon)
 10374 | D:9      | Reached skill level 15 in Evocations
 10472 | D:10     | Entered Level 10 of the Dungeon
 10984 | D:10     | Noticed a hill giant
 10996 | D:10     | Killed a hill giant
 10996 | D:10     | Reached XP level 11. HP: 48/58 MP: 21/24
 11016 | D:10     | Reached ***** piety under Pakellas
 11016 | D:10     | Received a gift from Pakellas
 11018 | D:10     | Identified a +5 rod of inaccuracy (13/13) (Pakellas gifted it to you on level 10 of the Dungeon)
 11210 | D:10     | Drew Focus: Str increased to 17, Int decreased to 13
 11392 | D:10     | Gained mutation: You are dopey. (Int -2) [helix card]
 11402 | D:10     | Drew Focus: Str increased to 18, Int decreased to 12
 11403 | D:10     | Gained mutation: Your muscles are strong. (Str +2) [potion of mutation]
 11403 | D:10     | Gained mutation: You are very dopey. (Int -4) [potion of mutation]
 11522 | D:10     | Gained mutation: Your system is resistant to poisons. [mutagenic meat]
 11523 | D:10     | Gained mutation: You have very sharp teeth. [mutagenic meat]
 12129 | D:10     | Found a staircase to the Orcish Mines.
 12371 | Orc:1    | Entered Level 1 of the Orcish Mines
 12371 | Orc:1    | Noticed Amnesiac's ghost (journeyman DEFi)
 12376 | Orc:1    | Killed Amnesiac's ghost
 12376 | Orc:1    | Reached skill level 16 in Evocations
 12778 | Orc:1    | Found a roughly hewn altar of Beogh.
 12848 | Orc:2    | Entered Level 2 of the Orcish Mines
 12848 | Orc:2    | Noticed an orc warlord
 12913 | Orc:2    | Found a frozen archway.
 12914 | Orc:2    | Noticed an ice dragon
 12936 | Orc:2    | Killed an ice dragon
 13009 | IceCv    | Entered an ice cave
 13028 | IceCv    | Reached skill level 17 in Evocations
 14108 | IceCv    | Found an ancient bone altar of Kikubaaqudgha.
 14756 | IceCv    | Reached skill level 18 in Evocations
 14778 | IceCv    | Noticed a necromancer
 14785 | IceCv    | Slain by a draconian simulacrum

Skill      XL: |  1  2  3  4  5  6  7  8  9 10 11 |
---------------+----------------------------------+-----
Short Blades   | 3 4 5 6 8 |  8.0
Evocations     | 2 5 10 12 15 18 | 18.0
Fighting       | |  2.4
Armour         | |  2.4
Shields        | |  2.4

Action                   |  1- 3 |  4- 6 |  7- 9 | 10-12 || total
-------------------------+-------+-------+-------+-------++-------
Melee: Rapier            |   131 |   215 |   355 |   340 ||  1041
       Dagger            |       |       |       |   680 ||   680
       Bite              |       |       |       |    40 ||    40
 Fire: Blowgun           |       |       |    57 |     9 ||    66
Throw: Throwing net      |       |       |       |     1 ||     1
Invok: Quick Charge      |       |       |     1 |     8 ||     9
 Abil: Evoke Berserk Rag |     5 |     6 |     9 |     1 ||    21
Evoke: Wand              |       |     8 |    49 |   109 ||   166
       Box of beasts     |       |       |     1 |     3 ||     4
       Rod               |       |       |       |    51 ||    51
       Deck              |       |       |       |    12 ||    12
       Fan of gales      |       |       |       |     1 ||     1
  Use: Scroll            |       |     7 |    11 |     4 ||    22
       Potion            |       |       |       |    11 ||    11
 Stab: Paralysed         |       |       |    26 |    70 ||    96
  Eat: Chunk             |     6 |    11 |    20 |    21 ||    58
       Fruit             |       |       |       |     3 ||     3
       Beef jerky        |       |       |       |     3 ||     3
       Royal jelly       |       |       |       |     1 ||     1
Armor: Scale mail        |    63 |    35 |       |       ||    98
       Ring mail         |       |    46 |   159 |   185 ||   390
       Chain mail        |       |       |       |   301 ||   301
       Skin              |       |       |       |    49 ||    49
Dodge: Dodged            |    29 |    52 |    93 |   194 ||   368
Block: Shield            |    58 |    75 |   136 |   386 ||   655
